 Dungeon Crawl Stone Soup version 0.28-a0-258-g8de209e91f (webtiles) character file.

Game seed: 4187348417071782353

287 Dittersdorf the Shield-Bearer (level 6, -8/39 HPs)
             Began as a Gargoyle Fighter on Aug 26, 2021.
             Killed from afar by Ijyb (11 damage)
             ... with a puff of flame
             ... on level 3 of the Dungeon.
             The game lasted 00:03:04 (3144 turns).

Dittersdorf the Shield-Bearer (Gargoyle Fighter)    Turns: 3144, Time: 00:03:05

Health: -8/39      AC: 12    Str: 22    XL:     6   Next: 30%
Magic:  6/6        EV:  7    Int:  8    God:
Gold:   109        SH:  8    Dex:  9    Spells: 5/5 levels left

rFire   . . .      SeeInvis .   a - +0 flail
rCold   . . .      Faith    .   c - +0 kite shield
rNeg    + . .      Spirit   .   b - +0 scale mail
rPois   ∞          Reflect  .   (no helmet)
rElec   +          Harm     .   (no cloak)
rCorr   .          Rampage  .   n - +0 pair of gloves
Will    .....                   (no boots)
Stlth   ..........              (no amulet)
HPRegen 0.13/turn               (no ring)
MPRegen 0.10/turn               (no ring)

@: no status effects
A: sickness immunity, AC +4, negative energy resistance 1, electricity
resistance, torment resistance 1, petrification resistance
a: no special abilities


You were on level 3 of the Dungeon.
You visited 1 branch of the dungeon, and saw 3 of its levels.

You collected 109 gold pieces.

Inventory:

Hand Weapons
 a - a +0 flail (weapon)
Armour
 b - a +0 scale mail (worn)
 c - a +0 kite shield (worn)
 n - a +0 pair of gloves (worn)
Scrolls
 e - a scroll of acquirement {unknown}
 f - a scroll of vulnerability {unknown}
 g - 2 scrolls of identify {unknown}
 i - 3 scrolls of blinking {unknown}
 j - a scroll of magic mapping {unknown}
 l - a scroll of teleportation {unknown}
 m - a scroll of immolation {unknown}
Potions
 d - a potion of might
 h - a potion of lignification {unknown}
 k - a potion of cancellation {unknown}


   Skills:
 + Level 4.7 Fighting
 + Level 3.5 Maces & Flails
 + Level 4.6 Armour
 + Level 4.7 Shields


You had 5 spell levels left.
You didn't know any spells.
Your spell library was empty.

Dungeon Overview and Level Annotations

Branches:
Dungeon (3/15)

Altars:

Annotations:
D:3 Ijyb


Innate Abilities, Weirdness & Mutations

You are immune to sickness and miasma.
Your stone body is resilient. (AC +4)
You are immune to poison.
You resist negative energy. (rN+)
You are resistant to electric shocks. (rElec)
You are resistant to unholy torment.
You are immune to petrification.


Message History

You are too injured to fight recklessly!
You are too injured to fight recklessly!
You are too injured to fight recklessly!
You are too injured to fight recklessly!
You are too injured to fight recklessly!
You are too injured to fight recklessly!
You are too injured to fight recklessly!
You are too injured to fight recklessly!
You are too injured to fight recklessly!
You are too injured to fight recklessly!
You are too injured to fight recklessly!
You hit Ijyb but do no damage.
Ijyb is severely wounded.
Ijyb screams, "Die!"
Ijyb barely misses you.
You barely miss Ijyb.
Ijyb is severely wounded.
Ijyb barely misses you.
You hit Ijyb.
Ijyb is severely wounded.
Ijyb zaps a wand.
The puff of flame hits you!
* * * LOW HITPOINT WARNING * * *
Ijyb hits you but does no damage.
You hit Ijyb.
Ijyb is almost dead.
Ijyb barely misses you.
You closely miss Ijyb.
Ijyb is almost dead.
Ijyb zaps a wand.
The puff of flame hits you.
* * * LOW HITPOINT WARNING * * *
Ijyb hits you but does no damage.
You barely miss Ijyb.
Ijyb is almost dead.
Ijyb screams, "It's all mine!"
Ijyb zaps a wand.
The puff of flame hits you but does no damage.
You closely miss Ijyb.
Ijyb is almost dead.
Ijyb zaps a wand.
The puff of flame hits you!
You die...

...........#.#.#.#.# #
...#.##.##.#.#.#.#.#....#
.....# # # ...... .#.#
...#.# # #. ..... ...
.#.#.# #.#.# .#.##.# .#.#
# ...... .....# ##.#
......###....###### ..
#.................. #
#......@.........# ##.###
###.#.g#..#..###.# ......
...........# ##.###
##.#..#..#..# ...... #
#.....#..# ##.#.#
#.....#..#
###..#.#...###.#
...............#
##........#####


You could see Ijyb.

Vanquished Creatures
  A necrophage (D:2)
  2 orc priests (D:3)
  5 adders
  2 worms
  4 dart slugs
  3 orcs (D:3)
  3 bats
  8 endoplasms
  11 goblins
  5 hobgoblins
  6 jackals (D:2)
  7 quokkas
  7 ball pythons
  A frilled lizard (D:1)
  5 kobolds
  3 rats
73 creatures vanquished.

Vanquished Creatures (others)
  4 withered plants (D:2)
4 creatures vanquished.

Grand Total: 77 creatures vanquished

Notes
Turn   | Place    | Note
-------+----------+-------------------------------------------
     0 | D:1      | Dittersdorf the Gargoyle Fighter began the quest for the
                  | Orb.
     0 | D:1      | Reached XP level 1. HP: 14/14 MP: 1/1
   210 | D:1      | Reached XP level 2. HP: 19/19 MP: 2/2
   828 | D:1      | Reached XP level 3. HP: 20/23 MP: 3/3
  1549 | D:2      | Reached XP level 4. HP: 29/29 MP: 4/4
  2321 | D:2      | Found a faded altar of an unknown god.
  2428 | D:3      | Noticed a necrophage
  2441 | D:2      | Killed a necrophage
  2442 | D:2      | Reached XP level 5. HP: 30/34 MP: 5/5
  2722 | D:3      | Reached XP level 6. HP: 22/39 MP: 6/6
  3117 | D:3      | Noticed Ijyb
  3144 | D:3      | Killed from afar by Ijyb

Illustrated notes

Levels and vault maps discovered:
D:1:      psy_arrival_radial01, layout_loops_ring, minmay_tromino_v4_a
D:2:      layout_rooms, shapermc_ecumenical_altar_flowoftime, st_stairs_8,
          minmay_goblin_outpost
D:3:      layout_basic, uniq_ijyb

Skill      XL: |  1  2  3  4 |
---------------+-------------+-----
Fighting       | 4 |  4.7
Shields        | 4 |  4.7
Armour         | 4 |  4.6
Maces & Flails | 3 |  3.5

Action                   |  1- 3 |  4- 6 || total
-------------------------+-------+-------++-------
Melee: Flail             |   141 |   157 ||   298
Armor: Scale mail        |    85 |    95 ||   180
Dodge: Dodged            |    37 |    51 ||    88
Block: Kite shield       |    64 |    79 ||   143

Table legend: (Time is in decaauts)
 A = Elapsed time spent in this place.
 B = Non-inter-level travel time spent in this place.
 C = Inter-level travel time spent in this place.
 D = Time resting spent in this place.
 E = Time spent auto-exploring this place.
 F = Levels seen in this place.
 G = Mean time per level.
                   A        B        C        D        E       F      G
               +--------+--------+--------+--------+--------+-----+--------+
         Total |   3290 |   3194 |     96 |    468 |   1983 |   3 | 1096.7 |
       Dungeon |   3290 |   3194 |     96 |    468 |   1983 |   3 | 1096.7 |
               +--------+--------+--------+--------+--------+-----+--------+

Top non-repeatable levels by time:
     D:1: 1364 daAuts
     D:2: 1216 daAuts
     D:3: 709 daAuts
